 Dungeon Crawl Stone Soup version 0.26-a0-1033-gd598b01645 (webtiles) character file.

Game seed: 6831364911525556303

1230 timneilson the Covered (level 8, -6/49 HPs)
             Began as a Gargoyle Fighter on Dec 10, 2020.
             Was a Follower of Qazlal.
             Mangled by an orc warrior
             ... wielding a +0 dire flail
              (12 damage)
             ... on level 6 of the Dungeon.
             The game lasted 00:08:13 (4530 turns).

timneilson the Covered (Gargoyle Fighter)           Turns: 4530, Time: 00:08:13

Health: -6/49      AC: 20    Str: 23    XL:     8   Next: 48%
Magic:  9/9        EV:  6    Int:  8    God:    Qazlal [*.....]
Gold:   302        SH: 12    Dex:  9    Spells: 7/7 levels left

rFire    . . .     SeeInvis .   b - +6 scimitar (freeze)
rCold    . . .     Faith    .   c - +0 kite shield
rNeg     + . .     Spirit   .   k - +0 chain mail
rPois    ∞         Reflect  .   (no helmet)
rElec    +         Harm     .   h - +2 cloak
rCorr    .         Rampage  .   (no gloves)
Will     .....                  o - +0 pair of boots
Stlth    ..........             (no amulet)
HPRegen  0.16/turn              (no ring)
MPRegen  0.11/turn              (no ring)

@: no status effects
A: negative energy resistance 1, electricity resistance, unbreathing,
petrification resistance, rot immunity, AC +5
a: Renounce Religion


You were on level 6 of the Dungeon.
You worshipped Qazlal.
Qazlal was aware of your devotion.
You visited 2 branches of the dungeon, and saw 7 of its levels.

You collected 302 gold pieces.

Inventory:

Hand Weapons
 a - a +1 long sword
 b - a +6 scimitar of freezing (weapon)
Armour
 c - a +0 kite shield (worn)
 h - a +2 cloak (worn)
 k - a +0 chain mail (worn)
 n - a +0 plate armour
 o - a +0 pair of boots (worn)
Scrolls
 e - 5 scrolls of identify
 g - a scroll of teleportation
 m - a scroll of enchant armour {unknown}
 p - a scroll of magic mapping {unknown}
Potions
 d - a potion of might
 f - 2 potions of lignification
 i - a potion of heal wounds
 j - 2 potions of mutation
 l - a potion of resistance
 q - a potion of haste


   Skills:
 + Level 5.1 Fighting
 * Level 5.0 Long Blades
 * Level 6.5 Armour
 * Level 6.4 Shields
 + Level 2.1 Invocations


You had 7 spell levels left.
You didn't know any spells.
Your spell library was empty.

Dungeon Overview and Level Annotations

Branches:
Dungeon (6/15)             Temple (1/1) D:5

Altars:
Ashenzari
Cheibriados
Dithmenos
Elyvilon
Fedhas
Gozag
Hepliaklqana
Kikubaaqudgha
Makhleb
Nemelex Xobeh
Okawaru
Qazlal
Ru
Sif Muna
Trog
Uskayaw
Vehumet
Wu Jian
Xom
Yredelemnul
Zin


Innate Abilities, Weirdness & Mutations

You are resistant to torment.
Your stone body is resilient. (AC +5)
You are immune to poison.
You resist negative energy. (rN+)
You are resistant to electric shocks. (rElec)
You can survive without breathing.
You are immune to petrification.
You are immune to rotting.


Message History

The orc hits you but does no damage.
Your Long Blades skill increases to level 5!
You barely miss the orc.
The shadow imp hits you but does no damage.
The orc warrior hits you but does no damage.
The orc hits you. The orc hits you but does no damage.
The shadow imp hits you but does no damage.
Unknown command.
You slash the orc warrior! You freeze the orc warrior.
The orc warrior is severely wounded.
You block the orc warrior's attack. The orc hits you but does no damage.
The shadow imp hits you. You block the orc's attack.
You closely miss the orc warrior.
The orc warrior is severely wounded.
The orc warrior hits you with a +0 dire flail!!
* * * LOW HITPOINT WARNING * * *
You block the orc's attack. The shadow imp completely misses you.
The orc hits you but does no damage. x2
The orc warrior hits you with a +0 dire flail!
You die...

#.##....##
#.###...#
#.. ##.##
##.# #.##
##...##..#
#......###
#.###.##
##o## ##.o@#
#..o5#
..........#
#..........#
#.....###.##
#....# #.
..... .#
....# ##
###.


You could see an orc warrior, a shadow imp and 2 orcs.

Vanquished Creatures
  Edmund (D:4)
  An orc warrior (D:6)
  A centaur (D:6)
  3 ogres
  4 wights (D:5)
  A centaur skeleton (D:6)
  A hound (D:4)
  3 orc wizards
  3 orc priests
  A worker ant (D:5)
  4 gnolls (D:5)
  8 adders
  A shadow imp (D:6)
  An ooze (D:5)
  4 worms
  2 dart slugs
  6 leopard geckos
  11 orcs
  11 bats
  3 bat zombies (D:2)
  3 giant cockroaches
  7 goblins
  12 hobgoblins
  22 jackals
  7 kobolds
  4 quokkas
  4 frilled lizards
  2 leopard gecko skeletons (D:4)
  5 rats
  2 rat zombies (D:2)
138 creatures vanquished.

Notes
Turn   | Place    | Note
-------+----------+-------------------------------------------
     0 | D:1      | timneilson the Gargoyle Fighter began the quest for the
                  | Orb.
     0 | D:1      | Reached XP level 1. HP: 14/14 MP: 1/1
    51 | D:1      | Reached XP level 2. HP: 19/19 MP: 2/2
   308 | D:1      | Reached XP level 3. HP: 23/23 MP: 3/3
   781 | D:2      | Reached XP level 4. HP: 26/29 MP: 4/4
  1050 | D:2      | Found an ancient bone altar of Kikubaaqudgha.
  1106 | D:2      | Noticed a +0 hand axe
  1107 | D:2      | Noticed a +0 hand axe
  1109 | D:2      | Found an ornate altar of the Wu Jian Council.
  1119 | D:2      | Found a hide-covered altar of Uskayaw.
  1417 | D:3      | Found an opulent altar of Gozag.
  1575 | D:3      | Found a broken altar of Ashenzari.
  1582 | D:3      | Reached XP level 5. HP: 31/33 MP: 5/5
  2316 | D:4      | Reached XP level 6. HP: 38/38 MP: 6/6
  2443 | D:4      | Noticed Edmund
  2459 | D:4      | Killed Edmund
  2460 | D:4      | Reached skill level 5 in Armour
  2466 | D:4      | Reached skill level 5 in Shields
  2632 | D:4      | Reached XP level 7. HP: 44/44 MP: 7/7
  2749 | D:4      | Found a stormy altar of Qazlal.
  2753 | D:4      | Became a worshipper of Qazlal Stormbringer
  2810 | D:5      | Entered Level 5 of the Dungeon
  2956 | D:5      | Found a blossoming altar of Fedhas.
  3037 | D:5      | Reached skill level 1 in Invocations
  3368 | D:5      | Found a sacrificial altar of Ru.
  3525 | D:5      | Found a staircase to the Ecumenical Temple.
  3531 | Temple   | Entered the Ecumenical Temple
  3823 | D:5      | Found a white marble altar of Elyvilon.
  3989 | D:6      | Reached XP level 8. HP: 20/48 MP: 7/9
  3998 | D:6      | Reached * piety under Qazlal
  4004 | D:6      | Reached skill level 5 in Fighting
  4528 | D:6      | Reached skill level 5 in Long Blades
  4530 | D:6      | Mangled by an orc warrior

Illustrated notes

Levels and vault maps discovered:
D:1:      dpeg_arrival_windows_large_door, layout_basic
D:2:      layout_basic, lemuel_zombie_altar_kikubaaqudgha, old_standard_altar,
          dancing_weapons_uskayaw
D:3:      layout_loops_corners, evilmike_ruin_ashenzari, grunt_gozag_breadcrumbs
D:4:      layout_rooms, kennysheep_mini, uniq_edmund
D:5:      layout_rooms, general_overflow_altar, nicolae_ru_sacrificial_ziggurat,
          minmay_temple_entry_gardened_gates, minmay_crystal_room,
          elyvilon_altar_4
D:6:      layout_layer_cave
Temple:   oiseaux_autumnal_temple

Skill      XL: |  1  2  3  4  5  6  7  8 |
---------------+-------------------------+-----
Long Blades    | 2 3 4 5 |  5.0
Armour         | 4 5 6 |  6.5
Shields        | 4 5 6 |  6.4
Fighting       | 4 5 |  5.1
Invocations    | 1 2 |  2.1

Action                   |  1- 3 |  4- 6 |  7- 9 || total
-------------------------+-------+-------+-------++-------
Melee: Long sword        |   123 |   181 |    99 ||   403
       Scimitar          |       |       |    63 ||    63
  Use: Scroll            |     3 |    10 |       ||    13
       Potion            |       |     1 |     1 ||     2
Armor: Scale mail        |    95 |   121 |    35 ||   251
       Chain mail        |       |       |    86 ||    86
Dodge: Dodged            |    49 |    67 |    56 ||   172
Block: Kite shield       |    84 |    98 |   123 ||   305
       Rpst.: Long sword |    27 |    28 |    14 ||    69
       Scimitar          |       |       |     4 ||     4

Table legend: (Time is in decaauts)
 A = Elapsed time spent in this place.
 B = Non-inter-level travel time spent in this place.
 C = Inter-level travel time spent in this place.
 D = Time resting spent in this place.
 E = Time spent auto-exploring this place.
 F = Levels seen in this place.
 G = Mean time per level.
                   A        B        C        D        E       F      G
               +--------+--------+--------+--------+--------+-----+--------+
         Total |   4683 |   4559 |    124 |      0 |   3463 |   7 |  669.0 |
       Dungeon |   4403 |   4306 |     97 |      0 |   3211 |   6 |  733.8 |
        Temple |    280 |    253 |     27 |      0 |    252 |   1 |  280.0 |
               +--------+--------+--------+--------+--------+-----+--------+

Top non-repeatable levels by time:
     D:3: 1057 daAuts
     D:5: 854 daAuts
     D:1: 713 daAuts
     D:6: 636 daAuts
     D:2: 616 daAuts
     D:4: 524 daAuts
  Temple: 280 daAuts
